 Dungeon Crawl Stone Soup version 0.31.0-11-ge490571c62 (webtiles) character file.

Game seed: 16186360651578624670

239 qw the Skirmisher (level 5, 0/29 HPs)
             Began as a Deep Elf Hunter on Feb 3, 2024.
             Slain by an ogre
             ... wielding a +0 giant club
              (21 damage)
             ... on level 4 of the Dungeon.
             The game lasted 00:00:11 (2413 turns).

qw the Skirmisher (Deep Elf Hunter)                 Turns: 2413, Time: 00:00:12

Health: 0/29       AC: 11    Str: 10    XL:     5   Next: 79%
Magic:  7/7        EV:  9    Int: 14    God:
Gold:   147        SH:  0    Dex: 24    Spells: 4/4 levels left

rFire   . . .        a - +0 shortbow
rCold   . . .        (shield currently unavailable)
rNeg    . . .        e - +0 scale mail
rPois   .            o - +1 helmet
rElec   .            n - +2 cloak
rCorr   .            (no gloves)
SInv    .            (no boots)
Will    .....        f - amulet of regeneration
Stlth   +            h - +6 ring of dexterity
HPRegen 1.04/turn    (no ring)
MPRegen 0.10/turn

%: no passive effects
@: no status effects
A: no striking features
a: no special abilities


You were on level 4 of the Dungeon.
You visited 1 branch of the dungeon, and saw 4 of its levels.

You collected 147 gold pieces.


   Skills:
 + Level 1.6 Fighting
 - Level 9.1 Ranged Weapons
 - Level 1.0 Armour
 - Level 2.4 Dodging
 - Level 1.2 Stealth


You had 4 spell levels left.
You didn't know any spells.
Your spell library was empty.

Inventory:

Hand Weapons
 a - a +0 shortbow (weapon)
Armour
 e - a +0 scale mail (worn)
 n - a +2 cloak (worn)
 o - a +1 helmet (worn)
Jewellery
 f - an amulet of regeneration (around neck)
 g - a ring of fire
 h - a +6 ring of dexterity (left hand)
Scrolls
 i - 3 scrolls of teleportation
Potions
 b - a potion of heal wounds
 d - a potion of enlightenment
 k - a potion of curing {unknown}
 l - a potion of resistance {unknown}

Dungeon Overview and Level Annotations

Branches:
Dungeon (4/15)
 Temple: D:4-7

Altars:
Elyvilon


Message History

The quokka bites you but does no damage.
You shoot an arrow. The arrow hits the quokka!
You kill the quokka!
Your Armour skill increases to level 1!
There is an open door here.
You see here a quokka corpse.
An orc comes into view. It is wielding a +0 dagger.
Found 3 scrolls labelled AREMEKO XUDDY.
You shoot an arrow. The arrow hits the orc.
The orc shouts!
The orc is heavily wounded.
You shoot an arrow. The arrow hits the orc.
You kill the orc!
An ogre comes into view. It is wielding a +0 giant club.
The ogre shouts!
The ogre moves out of view.
An ogre is nearby!
You shoot an arrow. The arrow hits the ogre.
The ogre is lightly wounded.
You shoot an arrow. The arrow hits the ogre.
The ogre is moderately wounded.
You shoot an arrow. The arrow hits the ogre.
The ogre is moderately wounded.
The ogre barely misses you.
You shoot an arrow.
The arrow hits the ogre but does no damage.
The ogre is moderately wounded.
The ogre hits you with a +0 giant club!
You shoot an arrow. The arrow hits the ogre!
The ogre is severely wounded.
You shoot an arrow. The arrow completely misses the ogre.
The ogre closely misses you.
You shoot an arrow. The arrow hits the ogre.
The ogre is almost dead.
The ogre hits you but does no damage.
You shoot an arrow. The arrow hits the ogre.
The ogre is almost dead.
The ogre hits you with a +0 giant club!!
Ouch! That really hurt!
You die...

############
~~¤¤¤~¤~~~¤#
..¤.¤.....~# ..
#.O@..~# ..)
#.....~#
#..#..#..~# #¤
.?#..#..~# #~¤
###~###.¤¤#
#¤..#..#.?#.¤¤#
#~..#..#..#.¤~#
#~.....#.....~#
#~.....#.....~#


You could see an ogre.

Vanquished Creatures
  A hound (D:3)
  A gnoll bouda (D:3)
  Terence (D:2)
  Robin (D:3)
  4 gnolls (D:3)
  An adder (D:3)
  2 dart slugs
  2 ribbon worms (D:3)
  5 orcs
  6 ball pythons
  3 endoplasms
  7 giant cockroaches
  6 goblins
  11 hobgoblins
  3 jackals (D:1)
  6 kobolds
  4 quokkas
  7 bats
  3 frilled lizards
  9 rats
83 creatures vanquished.

Notes
Turn   | Place    | Note
-------+----------+-------------------------------------------
     0 | D:1      | qw the Deep Elf Hunter began the quest for the Orb.
     0 | D:1      | Reached XP level 1. HP: 12/12 MP: 3/3
     0 | D:1      | 0 ||| qw: Version: 0.3-a-158-g18b3111
     0 | D:1      | 0 ||| qw: Game counter: 4237
     0 | D:1      | 0 ||| qw: Melee chars always use a shield: true
     0 | D:1      | 0 ||| qw: God list: Okawaru
     0 | D:1      | 0 ||| qw: Allow faded altars: false
     0 | D:1      | 0 ||| qw: Do Orc after clearing Dungeon:15 true
     0 | D:1      | 0 ||| qw: Do second Lair branch before Depths: true
     0 | D:1      | 0 ||| qw: Lair rune preference: random
     0 | D:1      | 0 ||| qw: Goals: Normal
     0 | D:1      | 0 ||| PLANNING D:1-11
    37 | D:1      | Reached XP level 2. HP: 16/16 MP: 4/4
    51 | D:1      | Reached skill level 6 in Ranged Weapons
   265 | D:1      | Reached XP level 3. HP: 20/20 MP: 5/5
   410 | D:1      | 410 ||| UPGRADING to +0 scale mail.
   420 | D:1      | 420 ||| DROPPING +0 leather armour.
   421 | D:1      | 421 ||| UPGRADING to +1 cloak.
   426 | D:1      | 426 ||| UPGRADING to amulet of regeneration.
   431 | D:1      | 431 ||| READING 2 scrolls labelled HIWKOI HOTECUD.
   432 | D:1      | 432 ||| READING scroll labelled JIROXE SOHOBAU.
   437 | D:1      | 437 ||| READING scroll labelled KEIRRAT VOXUDA.
   437 | D:1      | 437 ||| ENCHANTING +1 cloak.
   438 | D:1      | 438 ||| READING 2 scrolls labelled SOVUTA LIAS FAB.
   438 | D:1      | 438 ||| IDENTIFYING murky orange potion
   439 | D:1      | 439 ||| READING scroll of identify.
   439 | D:1      | 439 ||| IDENTIFYING silvery potion
   440 | D:1      | 440 ||| READING scroll labelled FAMAFEU ORADD.
   441 | D:1      | 441 ||| READING scroll labelled OVVOKA JAETH.
   442 | D:1      | 442 ||| DRINKING 2 black potions.
   546 | D:1      | 546 ||| DROPPING scroll of butterflies.
   547 | D:1      | 547 ||| DROPPING scroll of poison.
   548 | D:1      | 548 ||| DROPPING potion of degeneration.
   549 | D:1      | 549 ||| DROPPING potion of lignification.
   550 | D:1      | 550 ||| DROPPING potion of berserk rage.
   753 | D:2      | Reached skill level 7 in Ranged Weapons
   887 | D:2      | Noticed Terence
   893 | D:2      | HP: 3/20 [Terence/+0 trident (9)]
   894 | D:2      | 894 ||| READING 3 scrolls of teleportation.
   897 | D:2      | Killed Terence
   898 | D:2      | Reached XP level 4. HP: 7/25 MP: 6/6
  1369 | D:2      | 1369 ||| UPGRADING to +6 ring of dexterity.
  1370 | D:2      | 1370 ||| READING 2 scrolls of identify.
  1370 | D:2      | 1370 ||| IDENTIFYING golden potion
  1371 | D:2      | 1371 ||| READING scroll of identify.
  1371 | D:2      | 1371 ||| IDENTIFYING fizzy silvery potion
  1372 | D:2      | 1372 ||| READING scroll labelled SIP OWYDGHUO.
  1482 | D:3      | Found a white marble altar of Elyvilon.
  1531 | D:3      | Reached skill level 8 in Ranged Weapons
  1538 | D:3      | Reached XP level 5. HP: 12/29 MP: 7/7
  2020 | D:3      | Reached skill level 9 in Ranged Weapons
  2021 | D:3      | Found a faded altar of an unknown god.
  2066 | D:3      | Noticed Robin
  2073 | D:3      | Killed Robin
  2353 | D:3      | 2353 ||| UPGRADING to +0 helmet.
  2358 | D:3      | 2358 ||| READING scroll of enchant armour.
  2358 | D:3      | 2358 ||| ENCHANTING +0 helmet.
  2359 | D:3      | 2359 ||| READING scroll of identify.
  2359 | D:3      | 2359 ||| IDENTIFYING clear potion
  2360 | D:3      | 2360 ||| DROPPING potion of magic.
  2392 | D:4      | Reached skill level 1 in Armour
  2404 | D:4      | Noticed an ogre
  2413 | D:4      | Slain by an ogre

Levels and vault maps discovered:
D:1:      psy_arrival_fountain, layout_rooms
D:2:      minmay_spotlight, layout_loops_cross, chequers_serial_rivers_large_b,
          grunt_ministairs_11, uniq_terence
D:3:      layout_basic, mainiacjoe_overflow_alcove_4,
          shapermc_ecumenical_altar_pompeii, nicolae_grassy_gnolls, uniq_robin
D:4:      black_bear_nest_2, layout_rooms, mainiacjoe_overflow_two_lobes,
          serial_bayou, serial_bayou_ford_a, serial_bayou_pond_d,
          serial_bayou_pond_e, serial_bayou_pond_d, hangedman_decor_growths,
          kennysheep_generic_room_16

Skill      XL: |  1  2  3  4  5 |
---------------+----------------+-----
Ranged Weapons | 6 7 8 9 |  9.1
Armour         | 1 |  1.0
Fighting       | |  1.6
Dodging        | |  2.4
Stealth        | |  1.2

Action                     |  1- 3 |  4- 6 || total
---------------------------+-------+-------++-------
   Fire: Shortbow          |   101 |   148 ||   249
    Use: Scroll            |     8 |     5 ||    13
         Potion            |     1 |       ||     1
 Armour: Leather armour    |     2 |       ||     2
         Scale mail        |    21 |    60 ||    81
  Dodge: Dodged            |    20 |    42 ||    62

Table legend:
 A = Non-vault XP
 B = Vault XP
 C = Vault XP percentage of total XP
 D = Non-vault monster count
 E = Vault monster count
 F = Vault count percentage of total count
                 A         B        C        D         E       F
            +---------+---------+-------+---------+---------+-------
      Total |     172 |     170 |  49.7 |      63 |      20 |  24.1
            +---------+---------+-------+---------+---------+-------
        D:1 |      47 |       0 |   0.0 |      26 |       0 |   0.0
        D:2 |      18 |      45 |  71.4 |      12 |       7 |  36.8
        D:3 |     105 |     122 |  53.7 |      24 |      12 |  33.3
        D:4 |       2 |       3 |  60.0 |       1 |       1 |  50.0
            +---------+---------+-------+---------+---------+-------
